TOP OF THE 1ST |
Chicago Gold Sox batting - Pitching for Phoenix Hotspur : RHP José Ruíz
|
Pitching: RHP José Ruíz
|
|
Batting: RHB Shimei Miura
|
0-0: Called Strike 0-1: Ball 1-1: Ball 2-1: Ball 3-1: Foul Ball, location: 2F 3-2: Strikes out looking
|
Batting: RHB Pedro Torres
|
0-0: Called Strike 0-1: Ball 1-1: Ball 2-1: Swinging Strike 2-2: Ball 3-2: Foul Ball, location: 2F 3-2: Base on Balls
|
Batting: RHB Ramón Rodríguez
|
0-0: Grounds into double play, 6-4-3 (Groundball, 6)
|
Top of the 1st over - 0 runs, 0 hits, 0 errors, 0 left on base; Chicago 0 - Phoenix 0 |
BOTTOM OF THE 1ST |
Phoenix Hotspur batting - Pitching for Chicago Gold Sox : RHP Tony Alfonso
|
Pitching: RHP Tony Alfonso
|
|
Batting: LHB Francisco García
|
0-0: Ball 1-0: Called Strike 1-1: Swinging Strike 1-2: Ball 2-2: Ball 3-2: Foul Ball, location: 2F 3-2: Strikes out swinging
|
Batting: RHB Pierre Bernard
|
0-0: Called Strike 0-1: Ball 1-1: Foul Ball, location: 2F 1-2: Strikes out looking
|
Batting: RHB Hieronymus Bosch
|
0-0: Called Strike 0-1: Ball 1-1: Ball 2-1: Ball 3-1: SINGLE (Groundball, 6MD)
|
Batting: RHB Gabriel Pérez
|
0-0: Ball 1-0: Ball 2-0: Foul Ball, location: 2F 2-1: Fly out, F4 (Popup, 4M)
|
Bottom of the 1st over - 0 runs, 1 hit, 0 errors, 1 left on base; Chicago 0 - Phoenix 0 |
TOP OF THE 2ND |
Chicago Gold Sox batting - Pitching for Phoenix Hotspur : RHP José Ruíz
|
Batting: LHB Noel Ballard
|
0-0: Called Strike 0-1: Foul Ball, location: 2F 0-2: Foul Ball, location: 2F 0-2: Ball 1-2: Ball 2-2: Reached on error, E5 (Groundball, 56)
|
Batting: RHB Norman Winston
|
0-0: Foul Ball, location: 2F 0-1: Ball 1-1: Ball 2-1: Ball 3-1: Base on Balls
|
Batting: RHB Zeus Preckwinkle
|
0-0: Ball 1-0: Called Strike 1-1: Called Strike 1-2: Fly out, F3 (Popup, 34)
|
Batting: RHB Jay Hood
|
0-0: Ball 1-0: Called Strike 1-1: Ball 2-1: Ball 3-1: Called Strike 3-2: SINGLE (Groundball, 6MD) Noel Ballard to third Norman Winston to second Runner from 3rd tries for Home, SAFE, throw made home
|
Batting: SHB Lupo Cotto
|
0-0: Ball Norman Winston steals 3rd base 1-0: Foul Ball, location: 2F 1-1: Swinging Strike 1-2: SINGLE (Groundball, 3) (infield hit) Norman Winston scores Jay Hood to second
|
Batting: LHB Shigenobu Ohayashi
|
0-0: Ball 1-0: Called Strike 1-1: Called Strike 1-2: Strikes out looking
|
Batting: RHB Shimei Miura
|
0-0: Ball 1-0: Foul Ball, location: 2F 1-1: Ball Wild Pitch! Jay Hood to third Lupo Cotto to second 2-1: Swinging Strike Passed Ball! Jay Hood scores Lupo Cotto to third 2-2: Ball 3-2: Ground out 5-3 (Groundball, 56S)
|
Top of the 2nd over - 3 runs, 2 hits, 1 error, 1 left on base; Chicago 3 - Phoenix 0 |
BOTTOM OF THE 2ND |
Phoenix Hotspur batting - Pitching for Chicago Gold Sox : RHP Tony Alfonso
|
Batting: RHB Julián De Paz
|
0-0: Ball 1-0: Ball 2-0: Called Strike 2-1: Called Strike 2-2: Fly out, F7 (Flyball, 7LDF)
|
Batting: LHB Mare Riseley
|
0-0: Foul Ball, location: 2F 0-1: Reaches on Catchers interference
|
Batting: LHB Mark Detamore
|
0-0: Ball Mare Riseley is caught stealing 2nd base 1-0: Fly out, F9 (Flyball, 9LM)
|
Bottom of the 2nd over - 0 runs, 0 hits, 1 error, 0 left on base; Chicago 3 - Phoenix 0 |
TOP OF THE 3RD |
Chicago Gold Sox batting - Pitching for Phoenix Hotspur : RHP José Ruíz
|
Batting: RHB Pedro Torres
|
0-0: Called Strike 0-1: Swinging Strike 0-2: Foul Ball, location: 2F 0-2: Strikes out swinging, 2-3 out at first.
|
Batting: RHB Ramón Rodríguez
|
0-0: DOUBLE (Line Drive, 89D) - OUT at third base trying to stretch hit.
|
Batting: LHB Noel Ballard
|
0-0: Called Strike 0-1: Ball 1-1: Foul Ball, location: 2F 1-2: Ball 2-2: Ball 3-2: Ground out 5-3 (Groundball, 56)
|
Top of the 3rd over - 0 runs, 1 hit, 0 errors, 0 left on base; Chicago 3 - Phoenix 0 |
BOTTOM OF THE 3RD |
Phoenix Hotspur batting - Pitching for Chicago Gold Sox : RHP Tony Alfonso
|
Batting: RHB Enrico Sánchez
|
0-0: Ball 1-0: Ball 2-0: Called Strike 2-1: Ball 3-1: Foul Ball, location: 2F 3-2: Foul Ball, location: 2F 3-2: Strikes out swinging
|
Batting: RHB Carl Tucker
|
0-0: Called Strike 0-1: Ground out 6-3 (Groundball, 6)
|
Batting: LHB Francisco García
|
0-0: Called Strike 0-1: Called Strike 0-2: Ground out 6-3 (Groundball, 6)
|
Bottom of the 3rd over - 0 runs, 0 hits, 0 errors, 0 left on base; Chicago 3 - Phoenix 0 |
TOP OF THE 4TH |
Chicago Gold Sox batting - Pitching for Phoenix Hotspur : RHP José Ruíz
|
Batting: RHB Norman Winston
|
0-0: Called Strike 0-1: Called Strike 0-2: Strikes out swinging
|
Batting: RHB Zeus Preckwinkle
|
0-0: Called Strike 0-1: Foul Ball, location: 2F 0-2: Ball 1-2: Foul Ball, location: 2F 1-2: Fly out, F7 (Flyball, 7S)
|
Batting: RHB Jay Hood
|
0-0: Ball 1-0: Ball 2-0: SINGLE (Line Drive, 6D)
|
Batting: SHB Lupo Cotto
|
0-0: Swinging Strike 0-1: Ball 1-1: Ball 2-1: Called Strike 2-2: Ball Jay Hood is caught stealing 2nd base
|
Top of the 4th over - 0 runs, 1 hit, 0 errors, 0 left on base; Chicago 3 - Phoenix 0 |
BOTTOM OF THE 4TH |
Phoenix Hotspur batting - Pitching for Chicago Gold Sox : RHP Tony Alfonso
|
Batting: RHB Pierre Bernard
|
0-0: Ball 1-0: Ground out 1-3 (Groundball, 15)
|
Batting: RHB Hieronymus Bosch
|
0-0: Swinging Strike 0-1: Swinging Strike 0-2: Ball 1-2: Strikes out looking
|
Batting: RHB Gabriel Pérez
|
0-0: Swinging Strike 0-1: Fly out, F8 (Flyball, 8LM)
|
Bottom of the 4th over - 0 runs, 0 hits, 0 errors, 0 left on base; Chicago 3 - Phoenix 0 |
TOP OF THE 5TH |
Chicago Gold Sox batting - Pitching for Phoenix Hotspur : RHP José Ruíz
|
Pitching: RHP Roger Taylor
|
|
Batting: SHB Lupo Cotto
|
0-0: Ball 1-0: Ball 2-0: SINGLE (Line Drive, 34)
|
Batting: LHB Shigenobu Ohayashi
|
0-0: Sac Bunt - play at first, batter OUT! 1-3 Lupo Cotto to second
|
Batting: RHB Shimei Miura
|
0-0: Ball 1-0: Called Strike 1-1: DOUBLE (Flyball, 8LXD) Lupo Cotto scores
|
Batting: RHB Pedro Torres
|
0-0: Called Strike 0-1: Ball 1-1: Called Strike 1-2: SINGLE (Line Drive, 7LS) Shimei Miura to third Runner from 3rd tries for Home, SAFE, no throw
|
Batting: RHB Ramón Rodríguez
|
0-0: Ball 1-0: Foul Ball, location: 2F 1-1: Fly out, F7 (Flyball, 7)
|
Batting: LHB Noel Ballard
|
0-0: Ball 1-0: Ball 2-0: Ball 3-0: Called Strike 3-1: Base on Balls Pedro Torres to second
|
Batting: RHB Norman Winston
|
0-0: Ball 1-0: Swinging Strike 1-1: Ball 2-1: Swinging Strike 2-2: Ball 3-2: Base on Balls Pedro Torres to third Noel Ballard to second
|
Batting: RHB Zeus Preckwinkle
|
0-0: Fly out, F8 (Flyball, 8LS)
|
Top of the 5th over - 2 runs, 3 hits, 0 errors, 3 left on base; Chicago 5 - Phoenix 0 |
BOTTOM OF THE 5TH |
Phoenix Hotspur batting - Pitching for Chicago Gold Sox : RHP Tony Alfonso
|
Pitching: RHP Toshiki Yokoyama
|
|
Batting: RHB Julián De Paz
|
0-0: Ball 1-0: Ground out 5-3 (Groundball, 25)
|
Batting: LHB Mare Riseley
|
0-0: Ball 1-0: Ball 2-0: Fly out, F3 (Popup, 3SF)
|
Batting: LHB Mark Detamore
|
0-0: Called Strike 0-1: Hit by Pitch
|
Batting: RHB Enrico Sánchez
|
0-0: Called Strike 0-1: Ground out 4-3 (Groundball, 4)
|
Bottom of the 5th over - 0 runs, 0 hits, 0 errors, 1 left on base; Chicago 5 - Phoenix 0 |
TOP OF THE 6TH |
Chicago Gold Sox batting - Pitching for Phoenix Hotspur : RHP Roger Taylor
|
Batting: RHB Jay Hood
|
0-0: Ball 1-0: Swinging Strike 1-1: Swinging Strike 1-2: Ball 2-2: Strikes out swinging
|
Batting: SHB Lupo Cotto
|
0-0: Ball 1-0: Called Strike 1-1: Swinging Strike 1-2: Ball 2-2: Strikes out swinging
|
Batting: LHB Shigenobu Ohayashi
|
0-0: Called Strike 0-1: Foul Ball, location: 2F 0-2: Ball 1-2: Strikes out swinging
|
Top of the 6th over - 0 runs, 0 hits, 0 errors, 0 left on base; Chicago 5 - Phoenix 0 |
BOTTOM OF THE 6TH |
Phoenix Hotspur batting - Pitching for Chicago Gold Sox : RHP Toshiki Yokoyama
|
Batting: RHB Carl Tucker
|
0-0: Ball 1-0: Ball 2-0: Called Strike 2-1: Swinging Strike 2-2: Ball 3-2: Base on Balls
|
Batting: LHB Francisco García
|
0-0: Ball 1-0: Foul Ball, location: 2F 1-1: Swinging Strike 1-2: Ground out 5-3 (Groundball, 56S) Carl Tucker to second
|
Batting: RHB Pierre Bernard
|
0-0: Hit by Pitch
|
Batting: RHB Hieronymus Bosch
|
0-0: SINGLE (Line Drive, 6D) Carl Tucker to third Pierre Bernard to second Runner from 3rd tries for Home, SAFE, no throw
|
Batting: RHB Gabriel Pérez
|
0-0: 3-RUN HOME RUN (Flyball, 78XD), Distance : 420 ft
|
Pitching: LHP Ilie Paunescu
|
|
Batting: RHB Julián De Paz
|
0-0: Foul Ball, location: 2F 0-1: DOUBLE (Flyball, 7LD)
|
Batting: LHB Mare Riseley
|
0-0: Called Strike 0-1: Swinging Strike 0-2: Ball 1-2: Ball 2-2: Strikes out swinging
|
Batting: LHB Mark Detamore
|
0-0: Ball 1-0: Ball 2-0: Ball 3-0: Called Strike 3-1: Fly out, F9 (Line Drive, 9)
|
Bottom of the 6th over - 4 runs, 3 hits, 0 errors, 1 left on base; Chicago 5 - Phoenix 4 |
TOP OF THE 7TH |
Chicago Gold Sox batting - Pitching for Phoenix Hotspur : RHP Roger Taylor
|
Pinch Hitting: RHB Hirohisa Ogasawara
|
0-0: Ball 1-0: Ball 2-0: Ball 3-0: Called Strike 3-1: Swinging Strike 3-2: Strikes out swinging
|
Batting: RHB Pedro Torres
|
0-0: Foul Ball, location: 2F 0-1: Ball 1-1: Swinging Strike 1-2: Strikes out swinging
|
Pitching: RHP Richard Osborn
|
|
Pinch Hitting: LHB Roberto Vázquez
|
0-0: Ball 1-0: Called Strike 1-1: Called Strike 1-2: SINGLE (Groundball, 3D)
|
Pinch Hitting: LHB Tim Waters
|
0-0: Ball Roberto Vázquez is caught stealing 2nd base
|
Top of the 7th over - 0 runs, 1 hit, 0 errors, 0 left on base; Chicago 5 - Phoenix 4 |
BOTTOM OF THE 7TH |
Phoenix Hotspur batting - Pitching for Chicago Gold Sox : LHP Ilie Paunescu
|
Now at 3B: Roberto Vázquez
|
|
Now at SS: Hirohisa Ogasawara
|
|
Batting: RHB Enrico Sánchez
|
0-0: Ball
|
Now in RF: Tim Waters
|
1-0: Called Strike 1-1: Fly out, F8 (Flyball, 8RM)
|
Batting: RHB Carl Tucker
|
0-0: Foul Ball, location: 2F 0-1: Ball 1-1: Foul Ball, location: 2F 1-2: Strikes out looking
|
Pinch Hitting: RHB Dale Everest
|
0-0: Ball 1-0: Called Strike 1-1: Foul Ball, location: 2F 1-2: Foul Ball, location: 2F 1-2: Ball 2-2: Ball 3-2: Ground out 5-3 (Groundball, 56S)
|
Bottom of the 7th over - 0 runs, 0 hits, 0 errors, 0 left on base; Chicago 5 - Phoenix 4 |
TOP OF THE 8TH |
Chicago Gold Sox batting - Pitching for Phoenix Hotspur : RHP Richard Osborn
|
Now in RF: Wagaw Lukongolo
|
|
Batting: LHB Tim Waters
|
0-0: Ball 1-0: Foul Ball, location: 2F 1-1: Foul Ball, location: 2F 1-2: Ball 2-2: Foul Ball, location: 2F 2-2: Foul Ball, location: 2F 2-2: Ball 3-2: Ground out 6-3 (Groundball, 6)
|
Pinch Hitting: RHB Jeb Sexton
|
0-0: Foul Ball, location: 2F 0-1: Ball 1-1: Fly out, F8 (Flyball, 78D)
|
Pinch Hitting: LHB Ramón Flores
|
0-0: TRIPLE (Flyball, 7LD)
|
Pinch Hitting: RHB Howard Lee
|
0-0: Ball 1-0: Swinging Strike 1-1: Ball 2-1: Ground out 6-3 (Groundball, 6)
|
Top of the 8th over - 0 runs, 1 hit, 0 errors, 1 left on base; Chicago 5 - Phoenix 4 |
BOTTOM OF THE 8TH |
Phoenix Hotspur batting - Pitching for Chicago Gold Sox : LHP Ilie Paunescu
|
Now at 2B: Ramón Flores
|
|
Now at SS: Jeb Sexton
|
|
Now in CF: Daniel Bertrand
|
|
Batting: LHB Tadayoshi Watanabe
|
0-0: Called Strike 0-1: Ball 1-1: Ground out U3 (Groundball, 3)
|
Pinch Hitting: LHB Harumi Takaki
|
0-0: Ball 1-0: Ball 2-0: Ball 3-0: Called Strike 3-1: SINGLE (Groundball, 4MD)
|
Pinch Hitting: RHB Jim Justice
|
0-0: Foul Ball, location: 2F 0-1: Fly out, F8 (Flyball, 8RD)
|
Pinch Hitting: LHB Jason DeGeorge
|
0-0: Ball 1-0: Called Strike 1-1: Called Strike 1-2: Strikes out swinging
|
Bottom of the 8th over - 0 runs, 1 hit, 0 errors, 1 left on base; Chicago 5 - Phoenix 4 |
TOP OF THE 9TH |
Chicago Gold Sox batting - Pitching for Phoenix Hotspur : RHP Richard Osborn
|
Pitching: RHP Alexander Weareorwear
|
|
Now at 1B: Harumi Takaki
|
|
Now at 3B: Jason DeGeorge
|
|
Now in LF: Jim Justice
|
|
Pinch Hitting: LHB Sergio Rodríguez
|
0-0: Called Strike 0-1: Ground out U3 (Groundball, 3)
|
Batting: SHB Alex Mable
|
0-0: Ball 1-0: Called Strike 1-1: Foul Ball, location: 2F 1-2: Ball 2-2: Ground out 4-3 (Groundball, 4)
|
Batting: RHB Hirohisa Ogasawara
|
0-0: Swinging Strike 0-1: Foul Ball, location: 2F 0-2: Ball 1-2: Fly out, F9 (Flyball, 89S)
|
Top of the 9th over - 0 runs, 0 hits, 0 errors, 0 left on base; Chicago 5 - Phoenix 4 |
BOTTOM OF THE 9TH |
Phoenix Hotspur batting - Pitching for Chicago Gold Sox : LHP Ilie Paunescu
|
Now in RF: Sergio Rodríguez
|
|
Batting: LHB Mare Riseley
|
0-0: Swinging Strike 0-1: Swinging Strike 0-2: Foul Ball, location: 2F 0-2: Strikes out swinging, 2-3 out at first.
|
Batting: LHB Mark Detamore
|
0-0: Ball 1-0: Ground out 6-3 (Groundball, 56)
|
Batting: RHB Enrico Sánchez
|
0-0: Called Strike 0-1: SINGLE (Line Drive, 8LS)
|
Batting: RHB Carl Tucker
|
0-0: Foul Ball, location: 2F 0-1: Called Strike 0-2: Ball 1-2: Ground out 4-3 (Groundball, 4)
|
Bottom of the 9th over - 0 runs, 1 hit, 0 errors, 1 left on base; Chicago 5 - Phoenix 4 |
|